[Event "Sunday 01 April Rapid Engine Tour 12+1 Rounds 9 Starts 1600ST"]
[Site "Infinity Chess"]
[Date "2018.4.1"]
[Round "2"]
[White "ocirema"]
[Black "Prometheus"]
[Result "1/2-1/2"]
[ECO "D30"]
[WhiteElo "2433"]
[BlackElo "2437"]
[WhiteEngine "asmFishW_2018-03-23_popcnt"]
[BlackEngine "Eman 1.70-beta11 64-bit BMI2"]
[EventType "Swiss"]
[WhiteTeam ""]
[BlackTeam ""]
[PlyCount "111"]
[TimeControl "720+1"]

1. d4 d5 2. c4 e6 3. Nf3 Nf6 4. g3 Bb4+ 5. Bd2 Be7 6. Bg2 O-O 7. Qc2 c6 
8. O-O b6 9. Bf4 Nbd7 10. Rd1 Bb7 11. Ne5 Nh5 12. Be3 Nhf6 13. Nd2 Nxe5 
14. dxe5 Ng4 15. Bd4 c5 16. cxd5 cxd4 17. d6 Rc8 18. dxe7 Qxe7 19. Qa4 Bxg2 
20. Kxg2 Nxe5 21. Qxd4 Rc5 22. Ne4 Rd5 23. Qa4 Rc8 24. Rac1 Rxc1 25. Rxc1 h6 
26. Rc8+ Kh7 27. a3 a5 28. f3 f5 29. Nc3 Rd2 30. Qe8 Qxe8 31. Rxe8 Rxb2 
32. Rxe6 Nc4 33. a4 Rc2 34. Nd5 Ra2 35. h4 Kg8 36. Kf2 Rxa4 37. Re8+ Kf7 
38. Re7+ Kf8 39. Rc7 g6 40. Rc6 Kf7 41. Nxb6 Nxb6 42. Rxb6 h5 43. Rb7+ Ke6 
44. Ra7 Ra2 45. Ra6+ Kf7 46. Ke3 a4 47. Kf4 Rxe2 48. Rxa4 Rg2 49. Ra3 Rg1 
50. Ra4 Rh1 51. Rd4 Ke6 52. Kg5 Rh3 53. Kxg6 Rxg3+ 54. Kxh5 Rxf3 55. Rd8 Rg3 
56. Rd1 1/2-1/2

[Event "Sunday 01 April Rapid Engine Tour 12+1 Rounds 9 Starts 1600ST"]
[Site "Infinity Chess"]
[Date "2018.4.1"]
[Round "2"]
[White "KhalidOmar"]
[Black "KULLANI"]
[Result "1/2-1/2"]
[ECO "D30"]
[WhiteElo "2445"]
[BlackElo "2447"]
[WhiteEngine "Eman 1.70-beta12 64-bit BMI2"]
[BlackEngine "BrainFish_180329_x64"]
[EventType "Swiss"]
[WhiteTeam ""]
[BlackTeam ""]
[PlyCount "107"]
[TimeControl "720+1"]

1. d4 d5 2. c4 e6 3. Nf3 Nf6 4. g3 Be7 5. Bg2 O-O 6. O-O dxc4 7. Qc2 a6 
8. a4 Bd7 9. Qxc4 Bc6 10. Bf4 Bd6 11. Bg5 Nbd7 12. Nc3 h6 13. Bxf6 Nxf6 
14. Nd2 Bxg2 15. Kxg2 c6 16. Rfd1 Qe7 17. e4 b5 18. Qd3 Rfd8 19. Nf3 Bb4 
20. Na2 Ba5 21. Nc1 Bb6 22. Qe2 bxa4 23. Rxa4 c5 24. Rxa6 Rab8 25. Nd3 cxd4 
26. Ra4 Qb7 27. Nd2 Rdc8 28. Rb4 Qa8 29. Re1 Ba7 30. Ra1 Rxb4 31. Nxb4 Rc7 
32. Ra4 Nd7 33. Nd3 Qb7 34. Qf3 Qb5 35. Rb4 Qa6 36. e5 Bc5 37. Rc4 Bb6 
38. Rxc7 Bxc7 39. Qe4 Qb5 40. Nf3 Nc5 41. Nxc5 Qxc5 42. Qa8+ Kh7 43. Qb7 Qc4 
44. Qe4+ g6 45. Nxd4 Bb6 46. Qb7 Qxd4 47. Qxf7+ Kh8 48. Qf6+ Kh7 49. Qf7+ Kh8 
50. Qe8+ Kg7 51. Qe7+ Kh8 52. Qf6+ Kh7 53. Qe7+ Kh8 54. Qf6+ 1/2-1/2

[Event "Sunday 01 April Rapid Engine Tour 12+1 Rounds 9 Starts 1600ST"]
[Site "Infinity Chess"]
[Date "2018.4.1"]
[Round "2"]
[White "Mr Aj"]
[Black "RonWeasley"]
[Result "1/2-1/2"]
[ECO "A05"]
[WhiteElo "2457"]
[BlackElo "2460"]
[WhiteEngine "Houdini 6"]
[BlackEngine "BrainFish 290318_CTG"]
[EventType "Swiss"]
[WhiteTeam ""]
[BlackTeam ""]
[PlyCount "128"]
[TimeControl "720+1"]

1. Nf3 Nf6 2. d4 d5 3. c4 e6 4. Nc3 c6 5. e3 Nbd7 6. Qc2 Bd6 7. Bd3 dxc4 
8. Bxc4 O-O 9. O-O a6 10. e4 e5 11. Rd1 Qc7 12. g3 exd4 13. Nxd4 Ne5 14. Be2 Bc5 
15. Bf4 Qe7 16. Kg2 Re8 17. Bxe5 Qxe5 18. f4 Qe7 19. Bf3 Ba7 20. Rd3 c5 
21. Nf5 Bxf5 22. exf5 Rad8 23. Rad1 c4 24. Nd5 Nxd5 25. Rxd5 b5 26. b3 cxb3 
27. Qxb3 Qf6 28. h4 Rxd5 29. Qxd5 Bb6 30. Qd6 Rd8 31. Qxf6 gxf6 32. Rxd8+ Bxd8 
33. Bd5 Be7 34. h5 a5 35. Kf3 Kg7 36. Ke4 Bc5 37. Kd3 Bg1 38. g4 Bh2 39. Ke4 Bg1 
40. g5 Bb6 41. Kf3 Bd4 42. Bc6 b4 43. Bd7 Ba1 44. Kg4 fxg5 45. fxg5 h6 
46. g6 fxg6 47. fxg6 Kf6 48. Ba4 Bb2 49. Bb3 Bd4 50. Kf3 Kg5 51. Bd1 Be5 
52. Ke3 Kf6 53. Bb3 Bc3 54. Ke4 Kg5 55. Bd1 Kf6 56. Kf3 Kg5 57. Ke3 a4 
58. Kd3 Bg7 59. Bxa4 Kxh5 60. Be8 Kg5 61. Kc4 h5 62. Kxb4 h4 63. Bc6 h3 
64. Kc4 Kxg6 1/2-1/2

[Event "Sunday 01 April Rapid Engine Tour 12+1 Rounds 9 Starts 1600ST"]
[Site "Infinity Chess"]
[Date "2018.4.1"]
[Round "2"]
[White "MGR"]
[Black "Thinker"]
[Result "1/2-1/2"]
[ECO "C53"]
[WhiteElo "2464"]
[BlackElo "2456"]
[WhiteEngine "asmFishW_2018-02-19_bmi2"]
[BlackEngine "BrainFish_180329_x64_modern_CTG"]
[EventType "Swiss"]
[WhiteTeam ""]
[BlackTeam ""]
[PlyCount "52"]
[TimeControl "720+1"]

1. e4 e5 2. Nf3 Nc6 3. Bc4 Bc5 4. c3 Nf6 5. d3 d6 6. O-O O-O 7. Re1 a5 8. Bb3 h6 
9. h3 Re8 10. Nbd2 Be6 11. Ba4 Qb8 12. d4 b5 13. dxc5 bxa4 14. Qxa4 Ne7 
15. cxd6 cxd6 16. Nh4 Rc8 17. Nf1 d5 18. exd5 Nfxd5 19. Qe4 f6 20. Ng3 a4 
21. Ngf5 Nxf5 22. Nxf5 Qc7 23. Nd4 Bf7 24. Nf5 Be6 25. Nd4 Bf7 26. Nf5 Be6 
1/2-1/2

[Event "Sunday 01 April Rapid Engine Tour 12+1 Rounds 9 Starts 1600ST"]
[Site "Infinity Chess"]
[Date "2018.4.1"]
[Round "2"]
[White "fati64"]
[Black "Murx"]
[Result "1/2-1/2"]
[ECO "C50"]
[WhiteElo "2462"]
[BlackElo "2469"]
[WhiteEngine "BrainFish_180329_x64"]
[BlackEngine "BrainFish_180329_x64_modern"]
[EventType "Swiss"]
[WhiteTeam ""]
[BlackTeam ""]
[PlyCount "111"]
[TimeControl "720+1"]

1. e4 e5 2. Nf3 Nc6 3. Bc4 Bc5 4. O-O Nf6 5. d3 d6 6. c3 a5 7. Bg5 Ba7 
8. Nbd2 h6 9. Bh4 g5 10. Bg3 O-O 11. Bb3 Be6 12. a4 Qd7 13. Re1 Kg7 14. Nc4 Rae8 
15. h3 g4 16. hxg4 Bxg4 17. Ne3 Kh7 18. Nxg4 Qxg4 19. Kh2 Ne7 20. Nh4 Qg5 
21. Qe2 Nh5 22. Nf3 Qg4 23. Nh4 Qxe2 24. Rxe2 f5 25. exf5 Nxf5 26. Nxf5 Rxf5 
27. d4 Nxg3 28. Kxg3 Rg5+ 29. Kh2 Rf8 30. Rae1 exd4 31. Re7+ Rg7 32. Bc2+ Kh8 
33. R7e6 d5 34. Rxh6+ Kg8 35. f3 dxc3 36. bxc3 c6 37. Kh3 Rf4 38. Ree6 Kf7 
39. Rd6 Kf8 40. Rde6 Kf7 41. Rd6 Kf8 42. Bg6 Bc5 43. Re6 Kg8 44. Bh5 Be7 
45. Bg4 Rxa4 46. Re2 Raxg4 47. fxg4 a4 48. Rhe6 Kf8 49. Rh6 a3 50. Rh8+ Kf7 
51. g3 Bc5 52. Rh5 Kg6 53. Re6+ Kf7 54. Re2 Kg6 55. Re6+ Kf7 56. Re2 1/2-1/2

[Event "Sunday 01 April Rapid Engine Tour 12+1 Rounds 9 Starts 1600ST"]
[Site "Infinity Chess"]
[Date "2018.4.1"]
[Round "2"]
[White "Longin"]
[Black "MarioDeMonti"]
[Result "1/2-1/2"]
[ECO "C55"]
[WhiteElo "2469"]
[BlackElo "2475"]
[WhiteEngine "Raubfisch ME262_GTZ16f_CTG"]
[BlackEngine "stockfish_x64_bmi2_2018_02_18_CTG"]
[EventType "Swiss"]
[WhiteTeam ""]
[BlackTeam ""]
[PlyCount "63"]
[TimeControl "720+1"]

1. e4 e5 2. Nf3 Nc6 3. Bc4 Nf6 4. d3 Bc5 5. O-O d6 6. c3 O-O 7. Re1 Bb6 
8. b4 Ne7 9. Nbd2 Ng6 10. Bb3 c6 11. a4 a5 12. Nc4 axb4 13. Nxb6 Qxb6 
14. Rb1 Bg4 15. h3 Bh5 16. Bg5 Nf4 17. cxb4 h6 18. Bxf4 exf4 19. a5 Qd8 
20. Qd2 Bxf3 21. gxf3 b6 22. axb6 Rb8 23. Bc2 Rxb6 24. d4 Rb5 25. Kg2 Rg5+ 
26. Kh2 Rh5 27. Qxf4 Qd7 28. Qg3 Rg5 29. Qh4 Rh5 30. Qg3 Rg5 31. Qf4 Rh5 32. Qg3 
1/2-1/2

[Event "Sunday 01 April Rapid Engine Tour 12+1 Rounds 9 Starts 1600ST"]
[Site "Infinity Chess"]
[Date "2018.4.1"]
[Round "2"]
[White "SkyPilot"]
[Black "CoffeeOne"]
[Result "1/2-1/2"]
[ECO "C50"]
[WhiteElo "2497"]
[BlackElo "2492"]
[WhiteEngine "stockfish_x64_bmi2_2018_03_26_CTG"]
[BlackEngine "Houdini 6"]
[EventType "Swiss"]
[WhiteTeam ""]
[BlackTeam ""]
[PlyCount "189"]
[TimeControl "720+1"]

1. e4 e5 2. Nf3 Nc6 3. Bc4 Bc5 4. O-O Nf6 5. d3 d6 6. c3 a5 7. Re1 O-O 
8. Nbd2 Be6 9. Bb5 Ne7 10. d4 Ba7 11. Nf1 Ng6 12. Ng3 c6 13. Bf1 Bg4 14. Be3 Re8 
15. h3 Bxf3 16. Qxf3 d5 17. Bg5 exd4 18. Bxf6 Qxf6 19. Qxf6 gxf6 20. exd5 Rxe1 
21. Rxe1 cxd5 22. Nh5 f5 23. Nf6+ Kf8 24. Nxd5 dxc3 25. bxc3 Rd8 26. Rd1 Nf4 
27. Bc4 Bc5 28. Kf1 Kg7 29. Bb3 Nxd5 30. Rxd5 Rxd5 31. Bxd5 b6 32. Ke2 h5 
33. Bc6 Kg6 34. Kf3 Kf6 35. Bb5 Bd6 36. g3 Be5 37. c4 Bd4 38. h4 Ke5 39. Bc6 Bc5 
40. Ke2 Kf6 41. Kf3 Ke5 42. Be8 Kf6 43. Ba4 Ke5 44. Be8 Kf6 45. a4 Ke6 
46. Kg2 Kf6 47. f3 Bd4 48. f4 Bc5 49. Bc6 Kg6 50. Bf3 Be3 51. Bd5 Bd4 
52. Bf3 Be3 53. Kh3 Bc5 54. Kh2 Be7 55. Kg2 Bc5 56. Kh2 Kh6 57. Kh3 Kg6 
58. Bd5 Kg7 59. Kg2 Kf6 60. Bc6 Kg6 61. Kf3 Kf6 62. Bd7 Kg6 63. Bb5 Kf6 
64. Bc6 Kg7 65. Bd7 Kg6 66. Be8 Kf6 67. Bc6 Kg7 68. Bd5 Kf6 69. Kg2 Kg6 
70. Kf1 Kf6 71. Ke2 Bb4 72. Kf3 Bc5 73. Bb7 Kg6 74. Bc8 Kf6 75. Ke2 Bb4 
76. Bb7 Bc5 77. Bc6 Kg7 78. Bf3 Kg6 79. Bh1 Kg7 80. Bf3 Kg6 81. Bc6 Kf6 
82. Bd5 Bb4 83. Bh1 Kg6 84. Kf3 Bc5 85. Bg2 Kg7 86. Bh3 Kf6 87. Kg2 Bb4 
88. Kh1 Bc3 89. Bg2 Be1 90. Kh2 Kg6 91. Bd5 Bf2 92. Bb7 Kh6 93. Bh1 Bc5 
94. Bb7 Kg6 95. Bf3 1/2-1/2

[Event "Sunday 01 April Rapid Engine Tour 12+1 Rounds 9 Starts 1600ST"]
[Site "Infinity Chess"]
[Date "2018.4.1"]
[Round "2"]
[White "MCDermont"]
[Black "Brtroy"]
[Result "1/2-1/2"]
[ECO "D30"]
[WhiteElo "2515"]
[BlackElo "2500"]
[WhiteEngine "BrainFish 290318_CTG"]
[BlackEngine "BrainFish_180329_x64_bmi2_CTG"]
[EventType "Swiss"]
[WhiteTeam ""]
[BlackTeam ""]
[PlyCount "63"]
[TimeControl "720+1"]

1. d4 d5 2. c4 e6 3. Nf3 Be7 4. g3 Nf6 5. Bg2 O-O 6. O-O dxc4 7. Ne5 Nc6 
8. Nxc6 bxc6 9. Na3 Bxa3 10. bxa3 Ba6 11. Qd2 Qc8 12. Qa5 Rb8 13. Rd1 Bb5 
14. a4 Qa6 15. Qxa6 Bxa6 16. Ba3 Rfd8 17. Bxc6 Nd5 18. Rdc1 f5 19. f3 h6 
20. e4 fxe4 21. fxe4 Nf6 22. e5 Nd5 23. Bxd5 Rxd5 24. Bc5 Rb2 25. Rcb1 Re2 
26. Re1 Rd2 27. Red1 Rb2 28. Rdb1 Re2 29. Re1 Rd2 30. Red1 Rc2 31. Rdc1 Rd2 
32. Rd1 1/2-1/2

[Event "Sunday 01 April Rapid Engine Tour 12+1 Rounds 9 Starts 1600ST"]
[Site "Infinity Chess"]
[Date "2018.4.1"]
[Round "2"]
[White "Susanne"]
[Black "Eman"]
[Result "1/2-1/2"]
[ECO "B90"]
[WhiteElo "2535"]
[BlackElo "2516"]
[WhiteEngine "stockfish_jvv01_x64_bmi2_CTG"]
[BlackEngine "Eman 1.70-beta12 64-bit POPCNT"]
[EventType "Swiss"]
[WhiteTeam ""]
[BlackTeam ""]
[PlyCount "145"]
[TimeControl "720+1"]

1. e4 c5 2. Nf3 d6 3. d4 cxd4 4. Nxd4 Nf6 5. Nc3 a6 6. Be3 e5 7. Nb3 Be6 
8. f3 Be7 9. Qd2 Nbd7 10. g4 O-O 11. g5 Nh5 12. O-O-O b5 13. Kb1 Nb6 
14. Nd5 Nxd5 15. exd5 Bf5 16. Na5 f6 17. h4 Ng3 18. Rh2 fxg5 19. hxg5 Nxf1 
20. Rxf1 Qd7 21. Nc6 Rae8 22. Rhf2 Bg6 23. b3 Bd8 24. Re1 Rf5 25. Kb2 Bf7 
26. Ref1 Bh5 27. a3 Bf7 28. f4 exf4 29. Rxf4 Rxf4 30. Bxf4 Qf5 31. Nxd8 Rxd8 
32. Rd1 Bg6 33. Rf1 Rc8 34. Rf2 Qd7 35. Qe1 Qc7 36. Qe6+ Bf7 37. Qh3 Bg6 
38. a4 b4 39. Qe6+ Kh8 40. Re2 Rd8 41. Ka2 Qc5 42. Qe7 Rc8 43. Qe6 Rd8 
44. Qe7 Rc8 45. Qd7 Qc3 46. Bc1 Qc7 47. Qe6 Rf8 48. Bb2 a5 49. Qe7 Rc8 
50. Bxg7+ Kg8 51. Qxc7 Rxc7 52. Bd4 h5 53. gxh6 Rxc2+ 54. Rxc2 Bxc2 55. Bb6 Kh7 
56. Kb2 Be4 57. Bxa5 Kxh6 58. Bxb4 Kg6 59. Bxd6 Bxd5 60. b4 Kf6 61. b5 Bh1 
62. Bc7 Ke7 63. Bf4 Kd8 64. a5 Kd7 65. a6 Bc6 66. b6 Kc8 67. Bg5 Bh1 68. Ka1 Ba8 
69. Bf6 Bf3 70. Be5 Bd5 71. Bg7 Bf3 72. Be5 Bh1 73. Bg7 1/2-1/2

[Event "Sunday 01 April Rapid Engine Tour 12+1 Rounds 9 Starts 1600ST"]
[Site "Infinity Chess"]
[Date "2018.4.1"]
[Round "2"]
[White "xeonrocks"]
[Black "IronMan"]
[Result "1/2-1/2"]
[ECO "C50"]
[WhiteElo "2555"]
[BlackElo "2446"]
[WhiteEngine "Stockfish_x64_bmi2_CTG"]
[BlackEngine "Eman 1.70-beta11 64-bit BMI2"]
[EventType "Swiss"]
[WhiteTeam ""]
[BlackTeam ""]
[PlyCount "164"]
[TimeControl "720+1"]

1. e4 e5 2. Nf3 Nc6 3. Bc4 Bc5 4. d3 Nf6 5. O-O d6 6. c3 O-O 7. Re1 a5 
8. Nbd2 h6 9. h3 Be6 10. Bb5 Qb8 11. Re2 Qa7 12. Nf1 a4 13. Ng3 Qa5 
14. Bxc6 bxc6 15. Nh4 Rfe8 16. Re1 d5 17. exd5 cxd5 18. Rxe5 Bf8 19. Qc2 c5 
20. Bd2 Nd7 21. Re3 c4 22. d4 Qd8 23. Nf3 Bd6 24. Nf5 Bc7 25. Ng3 Ra6 26. a3 Qb8 
27. Nf1 Nf6 28. Rae1 Ne4 29. Bc1 Qb5 30. Ne5 Bf5 31. Qd1 Bxe5 32. dxe5 Rg6 
33. f4 Qd7 34. Qh5 Kh7 35. Kh2 Nc5 36. Ng3 Bb1 37. Rf3 Nd3 38. Ref1 Nxc1 
39. Rxc1 Bd3 40. Re1 Rge6 41. Rfe3 g6 42. Qg4 Qb7 43. Qf3 Rg8 44. Rd1 Qxb2 
45. Qxd5 Qxa3 46. Qa5 Qe7 47. Rd2 a3 48. Ra2 Re8 49. Rxa3 g5 50. Rf3 gxf4 
51. Rxf4 Rf8 52. Ra2 Rxe5 53. Qa6 Re6 54. Qa7 Qxa7 55. Rxa7 Re5 56. Ra6 f6 
57. Nh1 Rf7 58. Nf2 Re2 59. Ng4 f5 60. Nf6+ Rxf6 61. Rxf6 Kg7 62. R6xf5 Bxf5 
63. Rxf5 Rc2 64. Rf3 h5 65. Kg3 Kg6 66. h4 Rd2 67. Kh3 Re2 68. g3 Re4 
69. Kh2 Re2+ 70. Kg1 Rc2 71. Kf1 Rc1+ 72. Ke2 Rc2+ 73. Kd1 Rh2 74. Ke1 Rg2 
75. Rf4 Rxg3 76. Rxc4 Kf5 77. Ra4 Rg1+ 78. Kf2 Rh1 79. c4 Rxh4 80. Ra8 Rf4+ 
81. Ke3 Rxc4 82. Kf3 h4 1/2-1/2

[Event "Sunday 01 April Rapid Engine Tour 12+1 Rounds 9 Starts 1600ST"]
[Site "Infinity Chess"]
[Date "2018.4.1"]
[Round "1"]
[White "Thinker"]
[Black "angriff"]
[Result "1/2-1/2"]
[ECO "C55"]
[WhiteElo "2460"]
[BlackElo "2351"]
[WhiteEngine "BrainFish_180329_x64_modern_CTG"]
[BlackEngine "DracoREX 3.07 64BIT POPCNT_CTG"]
[EventType "Swiss"]
[WhiteTeam ""]
[BlackTeam ""]
[PlyCount "214"]
[TimeControl "720+1"]

1. e4 e5 2. Nf3 Nc6 3. Bc4 Nf6 4. d3 Bc5 5. c3 d6 6. O-O a5 7. Re1 O-O 8. h3 h6 
9. a4 Be6 10. Nbd2 Bb6 11. b3 d5 12. Bb5 Ne7 13. exd5 Nfxd5 14. Qc2 c6 
15. Bc4 Ng6 16. d4 Ndf4 17. dxe5 Nh4 18. Bf1 Bd5 19. Re4 Nfg6 20. Bc4 Re8 
21. g3 Qc8 22. Bxd5 Nxf3+ 23. Nxf3 cxd5 24. Rg4 Qc6 25. Nd4 Bxd4 26. Rxd4 Nxe5 
27. Kg2 Rac8 28. Bf4 Nd7 29. Be3 Nc5 30. Kh2 Ne6 31. Rd3 d4 32. Bxd4 Nxd4 
33. Rxd4 Qxc3 34. Qxc3 Rxc3 35. Rb1 Re5 36. b4 Rc2 37. Kg2 Ra2 38. bxa5 Rxa5 
39. Rd8+ Kh7 40. Rd3 b6 41. Rxb6 Rf5 42. Rf3 Rxf3 43. Kxf3 Ra3+ 44. Kg2 Rxa4 
45. Rb7 Kg6 46. Kf3 h5 47. Rb6+ f6 48. h4 Ra5 49. Rb7 Rf5+ 50. Ke2 Kh7 
51. Rb6 g5 52. Ke3 g4 53. Ke2 Kg6 54. Rb7 Re5+ 55. Kd2 Rd5+ 56. Ke2 Rf5 
57. Ke1 Rf3 58. Ke2 Ra3 59. Rb4 Ra2+ 60. Ke3 Ra3+ 61. Kd4 Ra5 62. Rb2 Ra4+ 
63. Kd5 Kf5 64. Rb5 Ra3 65. Kd4+ Kg6 66. Rb2 Ra4+ 67. Kc3 Ra1 68. Kd4 Ra3 
69. Rb6 Ra4+ 70. Kd3 Ra3+ 71. Ke2 Ra2+ 72. Ke3 Ra3+ 73. Ke2 Ra2+ 74. Ke1 Ra7 
75. Ke2 Kg7 76. Ke3 Ra3+ 77. Kd2 f5 78. Ke2 Ra2+ 79. Ke3 Ra4 80. Rb7+ Kf6 
81. Rb6+ Kg7 82. Rb5 Kf6 83. Kd3 Ra6 84. Ke2 Ra2+ 85. Ke3 Ra3+ 86. Kd4 Ra6 
87. Kd5 Ra2 88. Rb6+ Kf7 89. Rb7+ Kf6 90. Rb6+ Kf7 91. Rb5 Rxf2 92. Rb7+ Kf6 
93. Rb6+ Kg7 94. Ke5 f4 95. gxf4 g3 96. Rb7+ Kg6 97. Rb6+ Kh7 98. Rb7+ Kg6 
99. Rb6+ Kh7 100. f5 g2 101. Rg6 Re2+ 102. Kf4 Rf2+ 103. Ke5 Re2+ 104. Kd4 Ra2 
105. Ke4 Rf2 106. Ke3 Rxf5 107. Rxg2 Kh6 1/2-1/2

[Event "Sunday 01 April Rapid Engine Tour 12+1 Rounds 9 Starts 1600ST"]
[Site "Infinity Chess"]
[Date "2018.4.1"]
[Round "1"]
[White "AHGST"]
[Black "fati64"]
[Result "1/2-1/2"]
[ECO "D02"]
[WhiteElo "2355"]
[BlackElo "2466"]
[WhiteEngine "komodo-11.3.1-64bit-BMI2"]
[BlackEngine "BrainFish_180329_x64"]
[EventType "Swiss"]
[WhiteTeam ""]
[BlackTeam ""]
[PlyCount "202"]
[TimeControl "720+1"]

1. d4 d5 2. Nf3 Nf6 3. Bf4 c5 4. e3 Nc6 5. Nbd2 e6 6. c3 cxd4 7. exd4 Nh5 
8. Be3 Bd6 9. Ne5 g6 10. g4 Ng7 11. h4 h5 12. Ndf3 hxg4 13. Nxg4 Nf5 14. Bg5 Be7 
15. Bf4 Bd7 16. Bd3 Nxh4 17. Kd2 Qb6 18. Kc2 O-O-O 19. Nfe5 Nf5 20. Nxc6 Bxc6 
21. Qe2 Ba3 22. b3 Rhf8 23. Rh7 Bd6 24. Be5 Kb8 25. a4 Be8 26. Bxf5 gxf5 
27. Bxd6+ Qxd6 28. Ne5 Rc8 29. Kb2 Ka8 30. Nd3 Qb6 31. Qd2 Rg8 32. Ne5 Rc7 
33. Rh6 a6 34. Nd3 Bc6 35. Ne5 Re7 36. Rh7 Be8 37. Qe3 Rc7 38. Nd3 Qc6 
39. Rc1 Qb6 40. Ra1 Qc6 41. Rc1 Qd6 42. Rch1 Ka7 43. Rh8 Rxh8 44. Rxh8 Rc8 
45. Qd2 Kb8 46. Ne5 Qe7 47. Rh6 Qd8 48. Qe3 Qb6 49. Ka2 Qc7 50. Kb2 Qb6 
51. Ka2 Ka8 52. Qd2 Ka7 53. Nd3 Qc6 54. Kb2 Qc7 55. Ne5 Qb6 56. Ka2 a5 
57. Nd3 Rd8 58. Ne5 Ka8 59. Rh7 Qc7 60. Nd3 Rc8 61. Rh8 Bd7 62. Rxc8+ Qxc8 
63. Ne5 f6 64. Nd3 b6 65. Nf4 Qf8 66. Qe3 Qf7 67. Kb2 Kb7 68. Qe2 Qe8 
69. Qe3 Qf7 70. Qe2 Qg8 71. Qe3 Kc6 72. Nh5 Qf8 73. Nf4 Qg8 74. Nh5 Qg5 
75. Nf4 Kb7 76. Ka2 Qg8 77. Kb2 Kc8 78. Nh5 Qf8 79. Nf4 Qg8 80. Qd3 Kc7 
81. Qa6 Qd8 82. Qe2 Kd6 83. Qe3 Qg8 84. Nh5 Qf7 85. Nf4 Kc7 86. Qe2 Kb7 
87. Qe3 Qe8 88. Qe2 Kc7 89. Qa6 Qd8 90. Qd3 Kb7 91. Qe3 Qe8 92. Ka2 Qc8 
93. Kb2 Qg8 94. Qe2 Ka7 95. Qe3 Kb7 96. Qe2 Qg4 97. Qe3 Qg5 98. Kc2 Ka8 
99. Kb2 Ka7 100. Kc2 Qg8 101. Kb2 Kb7 1/2-1/2

[Event "Sunday 01 April Rapid Engine Tour 12+1 Rounds 9 Starts 1600ST"]
[Site "Infinity Chess"]
[Date "2018.4.1"]
[Round "1"]
[White "Murx"]
[Black "KQRBNP"]
[Result "1/2-1/2"]
[ECO "C50"]
[WhiteElo "2472"]
[BlackElo "2385"]
[WhiteEngine "BrainFish_180329_x64_modern"]
[BlackEngine "Eman 1.70-beta12 64-bit POPCNT"]
[EventType "Swiss"]
[WhiteTeam ""]
[BlackTeam ""]
[PlyCount "93"]
[TimeControl "720+1"]

1. e4 e5 2. Nf3 Nc6 3. Bc4 Bc5 4. O-O Nf6 5. d3 d6 6. c3 O-O 7. h3 a5 8. Nbd2 h6 
9. Re1 Be6 10. a4 Ba7 11. b3 d5 12. exd5 Nxd5 13. Ne4 Re8 14. Bd2 Nf6 
15. Qe2 Nxe4 16. Qxe4 Qd7 17. b4 axb4 18. cxb4 Bxc4 19. dxc4 f5 20. Qd5+ Qxd5 
21. cxd5 Nd4 22. Rac1 Nxf3+ 23. gxf3 Bd4 24. a5 Red8 25. Rxc7 b6 26. Rec1 bxa5 
27. bxa5 Rxd5 28. Be1 Rb8 29. Rc8+ Rxc8 30. Rxc8+ Kh7 31. Rc4 Kg6 32. Ra4 f4 
33. Bd2 Bxf2+ 34. Kxf2 Rxd2+ 35. Kf1 Rd7 36. Ra2 Kg5 37. a6 Ra7 38. Kf2 Kh4 
39. Kg2 g5 40. Ra1 h5 41. Ra5 g4 42. hxg4 hxg4 43. fxg4 Kxg4 44. Rxe5 Rxa6 
45. Rb5 Ra2+ 46. Kg1 Kg3 47. Rg5+ 1/2-1/2

[Event "Sunday 01 April Rapid Engine Tour 12+1 Rounds 9 Starts 1600ST"]
[Site "Infinity Chess"]
[Date "2018.4.1"]
[Round "1"]
[White "hafaba"]
[Black "Longin"]
[Result "1/2-1/2"]
[ECO "C55"]
[WhiteElo "2408"]
[BlackElo "2472"]
[WhiteEngine "DracoREX 3.07 64BIT POPCNT"]
[BlackEngine "Raubfisch ME262_GTZ16f_CTG"]
[EventType "Swiss"]
[WhiteTeam ""]
[BlackTeam ""]
[PlyCount "185"]
[TimeControl "720+1"]

1. e4 e5 2. Nf3 Nc6 3. Bc4 Nf6 4. d3 Bc5 5. c3 d6 6. O-O h6 7. b4 Bb6 
8. Nbd2 O-O 9. Bb3 a5 10. b5 Ne7 11. Nc4 Bc5 12. Bc2 Be6 13. Ne3 Ng6 14. d4 Bb6 
15. a4 Re8 16. d5 Bd7 17. Nc4 Bc5 18. Be3 Bxe3 19. Nxe3 Nf4 20. Nd2 Nh7 
21. Kh1 Ng6 22. c4 b6 23. Qe1 Rb8 24. f3 h5 25. Rd1 h4 26. c5 dxc5 27. Ndc4 Qg5 
28. d6 c6 29. bxc6 Bxc6 30. Rb1 Qd8 31. Rb2 Ng5 32. Qc3 h3 33. g3 Nf8 
34. Nf5 Nd7 35. Rfb1 Kh7 36. Ne7 Rxe7 37. dxe7 Qxe7 38. Qd3 Rd8 39. Rf1 Ne6 
40. Qd6 Qxd6 41. Nxd6 Nd4 42. Bd1 f6 43. Rb1 Kg8 44. Kg1 Kf8 45. g4 g6 
46. Kf2 Ke7 47. Nc4 b5 48. Nxa5 b4 49. g5 fxg5 50. Rg1 Ra8 51. Nxc6+ Nxc6 
52. Rxg5 Kf6 53. Rg1 Nd4 54. Bb3 Ra5 55. Rgc1 Nf8 56. Bc4 Nd7 57. Kg3 Ke7 
58. Ra1 Nb6 59. f4 Kf6 60. Kg4 exf4 61. Kxf4 Ke7 62. Kg4 Nxc4 63. Rxc4 Nc6 
64. Kf4 Ke6 65. Ke3 Ne5 66. Rcc1 g5 67. Rcb1 Ng4+ 68. Ke2 Ne5 69. Ke3 Ng4+ 
70. Ke2 Ne5 71. Ra2 Nc6 72. Rc1 Ne5 73. Rb1 g4 74. Ke3 Ra8 75. Raa1 Nc4+ 
76. Kf4 Na3 77. Rb2 Rxa4 78. Rd1 c4 79. Rbd2 Ra6 80. Rd5 c3 81. Re5+ Kf6 
82. Rc5 c2 83. Rd7 g3 84. Rh7 Kg6 85. Rxh3 g2 86. Rg5+ Kf7 87. Rh7+ Kf8 
88. Rh8+ Ke7 89. Rh7+ Kd6 90. Rh6+ Ke7 91. Rh7+ Kd6 92. Rh6+ Ke7 93. Rh7+ 
1/2-1/2

[Event "Sunday 01 April Rapid Engine Tour 12+1 Rounds 9 Starts 1600ST"]
[Site "Infinity Chess"]
[Date "2018.4.1"]
[Round "1"]
[White "MarioDeMonti"]
[Black "star99"]
[Result "1/2-1/2"]
[ECO "C42"]
[WhiteElo "2477"]
[BlackElo "2423"]
[WhiteEngine "stockfish_x64_bmi2_2018_02_18_CTG"]
[BlackEngine "Cryptic Heroes 9.2B"]
[EventType "Swiss"]
[WhiteTeam ""]
[BlackTeam ""]
[PlyCount "55"]
[TimeControl "720+1"]

1. e4 e5 2. Nf3 Nf6 3. Nxe5 d6 4. Nf3 Nxe4 5. d4 d5 6. Bd3 Nc6 7. O-O Be7 
8. c4 Nb4 9. Be2 Bf5 10. a3 Nc6 11. cxd5 Qxd5 12. Nc3 Nxc3 13. bxc3 O-O 
14. Re1 Bf6 15. Bf4 Qd7 16. Bd3 Bg6 17. Rb1 b6 18. Rb2 Bxd3 19. Qxd3 Rae8 
20. Rbb1 Ne7 21. Be5 Bxe5 22. Nxe5 Qa4 23. g3 f6 24. Rb4 Qa5 25. Rb5 Qa4 
26. Rb4 Qa5 27. Rb5 Qa4 28. Rb4 1/2-1/2

[Event "Sunday 01 April Rapid Engine Tour 12+1 Rounds 9 Starts 1600ST"]
[Site "Infinity Chess"]
[Date "2018.4.1"]
[Round "1"]
[White "IronMan"]
[Black "Marsell"]
[Result "1-0"]
[ECO "C55"]
[WhiteElo "2428"]
[BlackElo "2490"]
[WhiteEngine "Eman 1.70-beta11 64-bit BMI2"]
[BlackEngine "asmFishW_2018-03-16_bmi2"]
[EventType "Swiss"]
[WhiteTeam ""]
[BlackTeam ""]
[PlyCount "227"]
[TimeControl "720+1"]

1. e4 e5 2. Nf3 Nc6 3. Bc4 Nf6 4. d3 Bc5 5. O-O d6 6. c3 O-O 7. h3 a6 8. Re1 Ba7 
9. a4 h6 10. Nbd2 Re8 11. Bb3 Be6 12. Bxe6 Rxe6 13. b4 d5 14. Qc2 d4 
15. Bb2 dxc3 16. Bxc3 a5 17. b5 Nb4 18. Bxb4 axb4 19. Nc4 Nd7 20. a5 Rf6 
21. Qe2 Bc5 22. Reb1 c6 23. b6 Re6 24. Qc2 Qf6 25. Ncd2 Ree8 26. g3 h5 
27. Kg2 Red8 28. Nb3 Bf8 29. h4 g6 30. Re1 Qe7 31. Reb1 Ra6 32. Qd2 Qe6 
33. Qe3 Rda8 34. Nfd2 Qe7 35. Nc4 Rd8 36. Rf1 Bg7 37. Rfd1 Rc8 38. Qg5 Qe6 
39. Rdc1 Kh7 40. Qd2 c5 41. Qe2 Bh6 42. Rc2 Raa8 43. Rca2 Ra6 44. Rc2 Raa8 
45. Rca2 Ra6 46. Kg1 Kg8 47. Rc2 Kh7 48. Rf1 Nf6 49. f4 Ng4 50. Qf3 Bg7 
51. f5 Qd7 52. Rd2 Qa4 53. Rb2 Qd7 54. Qe2 Rc6 55. Rf3 Ra8 56. Kg2 Kg8 
57. Rb1 Bh6 58. fxg6 fxg6 59. Rbf1 Bg7 60. Qa2 Qd8 61. Nc1 Kh8 62. Rf7 Qc8 
63. R1f3 Rb8 64. Nb3 Ra8 65. Qb2 Rb8 66. Qc1 Qe6 67. Qa1 Qc8 68. Qc1 Qe6 
69. Qa1 Qc8 70. a6 bxa6 71. Qa5 Bf6 72. Rc7 Rxc7 73. bxc7 Rb7 74. Qxa6 Qxc7 
75. Rxf6 Nxf6 76. Qxf6+ Kh7 77. Nxe5 Rb6 78. Qg5 Ra6 79. Kf3 Re6 80. Nc4 Qf7+ 
81. Ke3 Qf1 82. Nxc5 Re8 83. Nd7 Qg1+ 84. Ke2 Qg2+ 85. Kd1 Qf1+ 86. Kc2 Kg7 
87. Nde5 b3+ 88. Kb2 Qf2+ 89. Kxb3 Rb8+ 90. Kc3 Qe1+ 91. Kd4 Qa1+ 92. Kc5 Qa7+ 
93. Kd6 Qa6+ 94. Nc6 Rf8 95. e5 Rf5 96. Qe7+ Rf7 97. Qd8 Rf3 98. Qd7+ Kh6 
99. Qe8 Rxd3+ 100. Kc5 Kh7 101. Qf7+ Kh8 102. e6 Rd1 103. e7 Re1 104. Kd6 Qa4 
105. Qf6+ Kh7 106. N4e5 Qa3+ 107. Kc7 Rxe5 108. Qxe5 Qa8 109. e8=Q Qxe8 
110. Qxe8 Kg7 111. Kd6 Kh7 112. Ne7 g5 113. hxg5 h4 114. Qg8# 1-0